 Dungeon Crawl Stone Soup version 0.31-a0-441-g867994ef1c (webtiles) character file.

Game seed: 10169308471527747275

38185 jlumianski the Nimble (level 14, -3/102 HPs)
             Began as a Djinni Fire Elementalist on Aug 2, 2023.
             Was a High Priest of Makhleb.
             Slain by Rupert
             ... wielding a +2 executioner's axe of electrocution
              (33 damage)
             ... on level 12 of the Dungeon.
             The game lasted 01:53:18 (13175 turns).

jlumianski the Nimble (Djinni Fire Elementalist)   Turns: 13175, Time: 01:53:18

Health: -3/102     AC: 11    Str:  7    XL:     14   Next: 33%
Gold:   163        EV: 23    Int: 20    God:    Makhleb [*****.] SH:  0 Dex: 18

rFire   + + .        G - +11 dagger of Egomania {heavy, rN+ Int+2 SInv}
rCold   x . .        (no shield)
rNeg    + . .        K - +2 troll leather armour
rPois   ∞            l - +2 helmet
rElec   .            P - +0 cloak
rCorr   .            w - +0 pair of gloves
SInv    +            (boots unavailable)
Will    +....        s - amulet of the acrobat
Stlth   ++++         b - +5 ring of evasion
HPRegen 1.17/turn    f - ring of Soezyi {MP+9 Slay+3 SInv}
MPRegen 0.00/turn

%: acrobat, infuse magic (-4 HP)
@: flying
A: sickness immunity, fire resistance 2, cold vulnerability 1, float, innate
caster, HP casting, extra vitality 1
a: Renounce Religion, Minor Destruction, Lesser Servant of Makhleb, Major
Destruction, Greater Servant of Makhleb


You were on level 12 of the Dungeon.
You worshipped Makhleb.
Makhleb was extremely pleased with you.
You visited 2 branches of the dungeon, and saw 14 of its levels.
You also visited: Ossuary and Bailey.

You collected 788 gold pieces.
You spent 625 gold pieces at shops.

Inventory:

Hand Weapons
 G - the +11 dagger of Egomania (weapon) {heavy, rN+ Int+2 SInv}
   (You found it on level 4 of the Dungeon)

   Int:       It affects your intelligence (+2).
   rN:        It protects you from negative energy.
   SInv:      It lets you see invisible.
Missiles
 o - 2 boomerangs
 v - 4 datura-tipped darts
 A - 46 poisoned darts
 H - 8 javelins
 N - 5 throwing nets
 O - 5 curare-tipped darts
Armour
 l - a +2 helmet (worn)
 w - a +0 pair of gloves (worn)
 z - a +0 leather armour
 E - a +2 robe of cold resistance
 K - a +2 troll leather armour (worn)
 P - a +0 cloak (worn)
Jewellery
 b - a +5 ring of evasion (left hand)
 f - the ring of Soezyi (right hand) {MP+9 Slay+3 SInv}
   (You found it on level 10 of the Dungeon)

   [ring of magical power]

   Slay:      It affects your accuracy & damage with ranged weapons and melee
   (+3).
   MP:        It affects your magic capacity (+9).
   SInv:      It lets you see invisible.
 h - a ring of see invisible
 s - an amulet of the acrobat (around neck)
 y - the ring "Havugiyl" {rPois rF+ rC+ MP+9 Stlth+}
   (You found it on level 11 of the Dungeon)

   [ring of magical power]

   rF:        It protects you from fire.
   rC:        It protects you from cold.
   rPois:     It protects you from poison.
   MP:        It affects your magic capacity (+9).
   Stlth:     It makes you more stealthy.
 F - a ring of positive energy
 M - a ring of willpower
Wands
 g - a wand of light (5)
 j - a wand of mindburst (21)
 D - a wand of flame (51)
 I - a wand of charming (6)
 V - a wand of polymorph (10)
Scrolls
 a - 2 scrolls of noise {unknown}
 c - 2 scrolls of enchant weapon
 e - 3 scrolls of revelation
 k - a scroll of torment
 t - a scroll of teleportation
 x - 2 scrolls of fear
 B - 2 scrolls of immolation
 J - a scroll of identify
 W - 5 scrolls of fog
Potions
 d - 3 potions of heal wounds
 i - 3 potions of attraction
 m - 5 potions of curing
 n - a potion of enlightenment
 p - 4 potions of invisibility
 q - 5 potions of might
 r - 2 potions of cancellation {unknown}
 u - 2 potions of berserk rage
 C - a potion of degeneration
 L - a potion of mutation
 S - 6 potions of haste
 T - 2 potions of brilliance
 Y - 2 potions of lignification {unknown}
 Z - a potion of ambrosia {unknown}


   Skills:
 * Level 9.7 Fighting
 + Level 5.3 Short Blades
 + Level 2.9 Armour
 * Level 11.9 Dodging
 + Level 7.9 Stealth
 * Level 11.2 Spellcasting
 * Level 11.2 Conjurations
 * Level 11.2 Hexes
 * Level 11.2 Summonings
 * Level 11.2 Necromancy
 * Level 11.2 Translocations
 * Level 11.2 Transmutations
 * Level 11.2 Fire Magic
 * Level 11.2 Ice Magic
 * Level 11.2 Air Magic
 * Level 11.2 Earth Magic
 * Level 11.2 Poison Magic
 - Level 4.9 Invocations


You knew the following spells:

 Your Spells              Type           Power      Damage    Failure   Level
a - Foxfire               Conj/Fire      100%       2x1d9     1%          1
b - Scorch                Fire           100%       2d9       1%          2
c - Volatile Blastmotes   Fire/Tloc      100%       2d18      1%          3
d - Inner Flame           Hex/Fire       54%        N/A       1%          3
e - Flame Wave            Conj/Fire      54%        2d13      1%          4
f - Necrotise             Necr           100%       1d9       1%          1
g - Ensorcelled Hibernat  Hex/Ice        100%       N/A       1%          2
h - Frozen Ramparts       Ice            100%       1d16      1%          3
i - Call Canine Familiar  Summ           54%        N/A       1%          3
j - Irradiate             Conj/Tmut      27%        3d20      2%          5
k - Yara's Violent Unrav  Hex/Tmut       27%        3d12      2%          5
Your spell library was empty.

Dungeon Overview and Level Annotations

Branches:
Dungeon (13/15) Temple (1/1) D:6 Lair (0/5) D:8 Orc (0/2) D:9 Vaults (0/5) D:12 D:13 Ossuary (visited) Bailey (visited)

Altars:
Ashenzari
Cheibriados
Dithmenos
Elyvilon
Fedhas
Gozag
Hepliaklqana
Makhleb
Nemelex Xobeh
Okawaru
Qazlal
Ru
Trog
Uskayaw
Wu Jian
Xom
Yredelemnul
Zin
The Shining One

Shops:
D:4 (   D:10 [

Annotations:
D:5 1 runed translucent door
D:12 Rupert
D:13 Urug
Temple 2 transporters


Innate Abilities, Weirdness & Mutations

You are immune to sickness and miasma.
You are immune to poison.
Your flesh is very heat resistant. (rF++)
You are vulnerable to cold. (rC-)
You float through the air rather than walking.
You learn spells naturally, not from books.
Your magical power is your life essence.
You have superior vitality. (+4 MHP)


Message History

You fly downwards.
Level annotation: Rupert, Urug The human misses you. x2; The human hits you but does no damage.
Rupert hits you with a +2 executioner's axe of electrocution!!
The human misses you. The human barely misses you.
The boulder beetle waves its antennae.
The boulder beetle curls into a ball and begins rolling!
The human completely misses you. x2; Urug throws a javelin.
The javelin misses you.
The javelin closely misses Rupert.
The human hits you.
You hear a shout!
There is a stone staircase leading up here.
Rupert roars madly and goes into a rage!
Rupert goes berserk!
The human completely misses you. x2
The human misses you. The human hits you but does no damage.
The human barely misses you.
You fly upwards.
There is a stone staircase leading down here.
Press: ? - help, v - describe, . - travel
Here: Rupert, wielding a +2 executioner's axe of electrocution and wearing a +0 leather armour (berserk)
The floor.
Unknown command.
As you read the scroll of fear, it crumbles to dust.
You assume a fearsome visage.
The human looks frightened! x4
Rupert is unaffected.
The human looks frightened! x2
Rupert hits you with a +2 executioner's axe of electrocution!!
The human tries to recover its lost courage.
Rupert hits you with a +2 executioner's axe of electrocution!!
* * * LOW HITPOINT WARNING * * *
You are electrocuted!
* * * LOW HITPOINT WARNING * * *
The human begs, "Why can't we all just get along?"
You see here a human corpse.
The human begs, "Please don't kill me!"
Rupert misses you.
The human mutters, "Of all the rotten luck!"
The human begs, "Please don't kill me!"
Okay, then.
You feel much better. Rupert barely misses you.
Rupert hits you with a +2 executioner's axe of electrocution!!
You die...

..#######.......########.#
#.........####### #.#
########.# #.# #.# #.# #.#
#.# #.## #.#
########..###### ..#
....p........p..
..##########..@......#
#.............@......#
############††.......#
#>†.......# #.†.p.pp..#
###########


You could see Rupert (berserk) and 5 humans.

Vanquished Creatures
  An ogre mage (D:13)
  12 two-headed ogres
  Erica (D:9)
  A deep elf pyromancer (D:11)
  2 ugly things
  4 cyclopes
  The ghost of bmack86 the Cleaver, a novice MiFi (D:4)
  A gargoyle (D:10)
  3 unseen horrors
  2 komodo dragons (D:8)
  A kobold demonologist (D:11)
  4 trolls
  2 shadows
  4 wyverns
  12 yaks
  2 basilisks
  8 humans (D:12)
  9 wargs (D:11)
  6 vampire mosquitoes
  Edmund (D:6)
  3 ice beasts
  7 orc warriors
  A swamp drake (D:8)
  A hell hound (D:11)
  A sky beast (D:7)
  A centaur (D:6)
  4 ogres
  2 phantoms (D:5)
  9 kobold brigands
  Blork the orc (D:6)
  3 bullfrogs
  6 water moccasin zombies (Ossuary)
  3 gnoll sergeants (D:11)
  3 scorpions
  2 wights (D:7)
  8 killer bees
  5 howler monkeys
  4 hounds
  2 jellies
  5 gnoll boudas
  11 orc priests
  Jessica (D:1)
  A sleepcap (D:6)
  3 iguanas
  12 orc wizards
  3 mummies
  Robin (D:2)
  18 gnolls
  6 adders
  2 white imps
  An ufetubus (D:6)
  2 adder zombies (Ossuary)
  3 dart slugs
  33 orcs
  8 ball pythons
  5 bats
  4 endoplasms
  6 gnoll zombies (Ossuary)
  13 goblins
  10 hobgoblins
  4 quokkas
  3 frilled lizards (D:3)
  2 goblin zombies (D:4)
  5 hobgoblin zombies (Ossuary)
  24 kobolds
  5 kobold zombies
  4 orc zombies (Ossuary)
  3 rats
341 creatures vanquished.

Vanquished Creatures (collateral kills)
  3 two-headed ogres
  Maurice (D:12)
  Maggie (D:8)
  A basilisk (D:8)
  A warg (D:11)
  A black bear (D:6)
  An ogre (D:13)
  2 centaurs
  2 kobold brigands
  3 gnoll sergeants (D:11)
  3 wights (D:7)
  2 orc priests (D:11)
  2 orc wizards (D:7)
  7 orcs
  5 kobolds
35 creatures vanquished.

Vanquished Creatures (others)
  365 foxfires
365 creatures vanquished.

Grand Total: 741 creatures vanquished

Notes
Turn   | Place    | Note
-------+----------+-------------------------------------------
     0 | D:1      | jlumianski the Djinni Fire Elementalist began the quest for
                  | the Orb.
     0 | D:1      | jlumianski set off with the following spells memorised:
                  | Foxfire, Scorch, Volatile Blastmotes, Inner Flame, Flame
                  | Wave.
     0 | D:1      | Reached XP level 1. HP: 15/15 MP: 0/0
   137 | D:1      | Reached XP level 2. HP: 19/21 MP: 0/0
   398 | D:2      | Noticed Jessica
   477 | D:1      | Reached XP level 3. HP: 23/25 MP: 0/0
   477 | D:1      | Learned a level 1 spell: Necrotise
   606 | D:1      | Killed Jessica
   607 | D:1      | Reached XP level 4. HP: 16/31 MP: 0/0
   701 | D:2      | Noticed Robin
   932 | D:2      | Killed Robin
  1086 | D:3      | Reached XP level 5. HP: 33/36 MP: 0/0
  1086 | D:3      | Learned a level 2 spell: Ensorcelled Hibernation
  1365 | D:3      | Reached XP level 6. HP: 35/41 MP: 0/0
  1414 | D:4      | Found a sand-covered staircase.
  1452 | Ossuary  | Entered an ossuary
  1481 | Ossuary  | Reached skill level 1 in Short Blades
  1629 | Ossuary  | Reached skill level 1 in Fighting
  1629 | Ossuary  | Reached XP level 7. HP: 20/47 MP: 0/0
  1629 | Ossuary  | Learned a level 3 spell: Frozen Ramparts
  2168 | Ossuary  | Reached skill level 5 in Spellcasting
  2168 | Ossuary  | Reached skill level 5 in Conjurations
  2168 | Ossuary  | Reached skill level 5 in Hexes
  2168 | Ossuary  | Reached skill level 5 in Summonings
  2168 | Ossuary  | Reached skill level 5 in Necromancy
  2168 | Ossuary  | Reached skill level 5 in Translocations
  2168 | Ossuary  | Reached skill level 5 in Transmutations
  2168 | Ossuary  | Reached skill level 5 in Fire Magic
  2168 | Ossuary  | Reached skill level 5 in Ice Magic
  2168 | Ossuary  | Reached skill level 5 in Air Magic
  2168 | Ossuary  | Reached skill level 5 in Earth Magic
  2168 | Ossuary  | Reached skill level 5 in Poison Magic
  2411 | D:4      | Found Giomil's Antique Weapon Shop.
  2664 | D:3      | Found a snail-covered altar of Cheibriados.
  2665 | D:3      | Found a bloodstained altar of Trog.
  3301 | D:5      | Entered Level 5 of the Dungeon
  3307 | D:5      | Reached XP level 8. HP: 51/52 MP: 0/0
  3402 | D:5      | Found a runed translucent door.
  3404 | D:5      | Found an opulent altar of Gozag.
  3436 | D:5      | Noticed bmack86's ghost (novice MiFi)
  3466 | D:4      | Killed bmack86's ghost
  3467 | D:4      | Reached skill level 5 in Dodging
  3689 | D:4      | Identified the +11 dagger of Egomania {heavy, rN+ Int+2
                  | SInv}
  3945 | D:5      | Reached XP level 9. HP: 39/58 MP: 0/0
  3945 | D:5      | Learned a level 3 spell: Call Canine Familiar
  4315 | D:5      | Found a runed translucent door.
  4332 | D:5      | Found a basalt altar of Yredelemnul.
  5031 | D:6      | Noticed Edmund
  5041 | D:6      | Killed Edmund
  5167 | D:6      | Found a hide-covered altar of Uskayaw.
  5292 | D:6      | Found a staircase to the Ecumenical Temple.
  5298 | Temple   | Found a transporter.
  5298 | Temple   | Found a transporter.
  5298 | Temple   | Found a transporter.
  5298 | Temple   | Found a transporter.
  5298 | Temple   | Entered the Ecumenical Temple
  5334 | Temple   | Became a worshipper of Makhleb the Destroyer
  5473 | D:7      | Found a flagged portal.
  5703 | Bailey   | Entered a bailey
  5992 | Bailey   | Reached * piety under Makhleb
  6344 | D:6      | Noticed Blork the orc
  6362 | D:6      | Killed Blork the orc
  6532 | D:6      | Reached skill level 5 in Stealth
  6634 | D:6      | Found a glowing golden altar of the Shining One.
  6656 | D:6      | Reached XP level 10. HP: 41/65 MP: 0/0
  7091 | D:7      | Found a hazy altar of Hepliaklqana.
  7507 | D:7      | Reached ** piety under Makhleb
  7840 | D:9      | Found a staircase to the Orcish Mines.
  7983 | D:8      | Found a broken altar of Ashenzari.
  8046 | D:8      | Noticed Maggie
  8057 | D:8      | Killed Maggie
  8233 | D:8      | Found a stormy altar of Qazlal.
  8324 | D:8      | Noticed a komodo dragon
  8328 | D:8      | Noticed a komodo dragon
  8354 | D:8      | Killed a komodo dragon
  8356 | D:8      | Reached skill level 1 in Invocations
  8363 | D:8      | Killed a komodo dragon
  8436 | D:8      | Found a staircase to the Lair.
  8687 | D:8      | Reached skill level 1 in Armour
  8834 | D:9      | Reached XP level 11. HP: 68/71 MP: 0/0
  8834 | D:9      | Learned a level 5 spell: Irradiate
  8892 | D:8      | Noticed a two-headed ogre
  8899 | D:8      | Killed a two-headed ogre
  9360 | D:9      | Noticed a two-headed ogre
  9363 | D:9      | Killed a two-headed ogre
  9433 | D:9      | Noticed Erica
  9439 | D:9      | Killed Erica
  9646 | D:9      | Noticed a two-headed ogre
  9657 | D:9      | Killed a two-headed ogre
  9658 | D:9      | Reached skill level 5 in Fighting
  9972 | D:10     | Entered Level 10 of the Dungeon
  9977 | D:10     | Identified the ring of Soezyi {MP+9 Slay+3 SInv}
 10064 | D:10     | Reached *** piety under Makhleb
 10270 | D:11     | Identified the ring "Havugiyl" {rPois rF+ rC+ MP+9 Stlth+}
 10509 | D:10     | Reached XP level 12. HP: 79/81 MP: 0/0
 10581 | D:10     | Found an ornate altar of the Wu Jian Council.
 10806 | D:10     | Found Luco Dofoe's Armour Shop.
 10811 | D:10     | Bought a +2 robe of cold resistance for 247 gold pieces
 11556 | D:11     | Reached **** piety under Makhleb
 11574 | D:11     | Noticed a two-headed ogre
 11584 | D:11     | Killed a two-headed ogre
 11632 | D:11     | Noticed a two-headed ogre
 11641 | D:11     | Killed a two-headed ogre
 11691 | D:11     | Reached skill level 10 in Dodging
 11691 | D:11     | Reached skill level 10 in Spellcasting
 11691 | D:11     | Reached skill level 10 in Conjurations
 11691 | D:11     | Reached skill level 10 in Hexes
 11691 | D:11     | Reached skill level 10 in Summonings
 11691 | D:11     | Reached skill level 10 in Necromancy
 11691 | D:11     | Reached skill level 10 in Translocations
 11691 | D:11     | Reached skill level 10 in Transmutations
 11691 | D:11     | Reached skill level 10 in Fire Magic
 11691 | D:11     | Reached skill level 10 in Ice Magic
 11691 | D:11     | Reached skill level 10 in Air Magic
 11691 | D:11     | Reached skill level 10 in Earth Magic
 11691 | D:11     | Reached skill level 10 in Poison Magic
 11691 | D:11     | Reached XP level 13. HP: 85/91 MP: 0/0
 11691 | D:11     | Learned a level 5 spell: Yara's Violent Unravelling
 12213 | D:12     | Reached skill level 5 in Short Blades
 12234 | D:12     | Noticed Maurice
 12248 | D:12     | Killed Maurice
 12354 | D:10     | Bought a +2 troll leather armour for 378 gold pieces
 12631 | D:11     | Reached ***** piety under Makhleb
 12729 | D:11     | Reached XP level 14. HP: 101/101 MP: 0/0
 13133 | D:13     | Noticed Urug
 13133 | D:13     | Noticed Rupert
 13133 | D:13     | Found a gate to the Vaults.
 13175 | D:12     | Slain by Rupert

Illustrated notes

Levels and vault maps discovered:
D:1:      dpeg_arrival_pits, layout_rooms
D:2:      layout_rooms, uniq_jessica, uniq_robin
D:3:      minmay_spotlight, layout_loops_cross,
          mainiacjoe_overflow_large_starburst, kennysheep_cross_room,
          minmay_quadrilaterals
D:4:      layout_rooms, mainiacjoe_overflow_six_doors_small,
          nicolae_ossuary_entry_giza, serial_shops, nicolae_shop_behind_doors
D:5:      minmay_chambers_of_threes, layout_rooms,
          mainiacjoe_overflow_concentric_impassable, dk_yredelemnul_ordeal,
          hellmonk_ghost_happy_afterlife
D:6:      layout_loops_corners, lemuel_doored_altar,
          nicolae_uskayaw_dance_studio, minmay_temple_entry_nine_rooms,
          uniq_edmund, uniq_blork_the_orc
D:7:      layout_basic, nicolae_hepliaklqana_hippocampus, enter_bailey_4
D:8:      layout_loops_ring, ashenzari_conservatory_becter, marbit_many_paths,
          erik_lair_dragon, kennysheep_generic_room_7, uniq_maggie
D:9:      layout_rooms, orc_0_dummy, nicolae_hexahallways, uniq_erica
D:10:     layout_loops_corners, nicolae_wu_jian_immortal_techniques,
          serial_shops, shop, minmay_door_square,
          nicolae_concentric_dashed_squares_wild
D:11:     lemuel_castle_with_subvaults [lemuel_castle_interior_carwin_3],
          layout_irregular_city
D:12:     layout_rooms, uniq_maurice
D:13:     layout_rooms, david_vaults_3, hangedman_ranch
Temple:   hellmonk_temple_divided_pantheon

Skill      XL: |  1  2  3  4  5  6  7  8  9 10 11 12 13 14 |
---------------+-------------------------------------------+-----
Spellcasting   | 4 5 6 8 9 10 11 | 11.2
Conjurations   | 4 5 6 8 9 10 11 | 11.2
Hexes          | 4 5 6 8 9 10 11 | 11.2
Summonings     | 4 5 6 8 9 10 11 | 11.2
Necromancy     | 4 5 6 8 9 10 11 | 11.2
Translocations | 4 5 6 8 9 10 11 | 11.2
Transmutations | 4 5 6 8 9 10 11 | 11.2
Fire Magic     | 4 5 6 8 9 10 11 | 11.2
Ice Magic      | 4 5 6 8 9 10 11 | 11.2
Air Magic      | 4 5 6 8 9 10 11 | 11.2
Earth Magic    | 4 5 6 8 9 10 11 | 11.2
Poison Magic   | 4 5 6 8 9 10 11 | 11.2
Stealth        | 2 3 5 6 7 |  7.9
Dodging        | 3 4 5 7 8 10 11 | 11.9
Short Blades   | 1 2 3 4 5 |  5.3
Fighting       | 1 2 3 5 7 9 |  9.7
Invocations    | 1 4 |  4.9
Armour         | 1 2 |  2.9

Action                     |  1- 3 |  4- 6 |  7- 9 | 10-12 | 13-15 || total
---------------------------+-------+-------+-------+-------+-------++-------
  Melee: Staff             |    13 |     8 |     7 |       |       ||    28
         Dagger            |       |    40 |    89 |   102 |    84 ||   315
         Punch             |       |       |     2 |     2 |       ||     4
   Cast: Foxfire           |    23 |    36 |    93 |    33 |    26 ||   211
         Necrotise         |     4 |     3 |       |     1 |       ||     8
         Scorch            |     2 |    18 |    45 |    29 |    25 ||   119
         Volatile Blastmot |       |       |    21 |    10 |     3 ||    34
         Frozen Ramparts   |       |       |     9 |    14 |     6 ||    29
         Ensorcelled Hiber |       |       |    17 |    16 |    18 ||    51
         Call Canine Famil |       |       |     4 |    19 |    20 ||    43
         Inner Flame       |       |       |     1 |     5 |     6 ||    12
         Flame Wave        |       |       |       |     1 |     3 ||     4
         Irradiate         |       |       |       |       |     4 ||     4
 Invoke: Lesser Servant of |       |       |       |       |     1 ||     1
    Use: Scroll            |       |     5 |     4 |    15 |     1 ||    25
         Potion            |       |       |     4 |     2 |     1 ||     7
   Stab: Sleeping          |     1 |     3 |    17 |    19 |    10 ||    50
         Distracted        |       |     1 |       |       |     3 ||     4
 Armour: Robe              |     1 |     7 |    26 |     8 |     3 ||    45
         Skin              |       |       |     2 |       |       ||     2
         Leather armour    |       |       |       |     9 |       ||     9
         Troll leather arm |       |       |       |       |    19 ||    19
  Dodge: Dodged            |     9 |    74 |   171 |   115 |   186 ||   555
         Form:             |       |     1 |     1 |       |       ||     2
         Maw               |       |     1 |       |       |       ||     1
         Anaconda          |       |       |     1 |       |       ||     1

Table legend: (Time is in decaauts)
 A = Elapsed time spent in this place.
 B = Non-inter-level travel time spent in this place.
 C = Inter-level travel time spent in this place.
 D = Time resting spent in this place.
 E = Time spent auto-exploring this place.
 F = Levels seen in this place.
 G = Mean time per level.
                   A        B        C        D        E       F      G
               +--------+--------+--------+--------+--------+-----+--------+
         Total |  13245 |  12859 |    386 |   1832 |   6381 |  16 |  827.8 |
       Dungeon |  11912 |  11526 |    386 |   1318 |   6218 |  13 |  916.3 |
        Temple |     56 |     56 |      0 |      0 |      0 |   1 |   56.0 |
       Ossuary |    864 |    864 |      0 |    449 |    109 |   1 |  864.0 |
        Bailey |    412 |    412 |      0 |     65 |     54 |   1 |  412.0 |
               +--------+--------+--------+--------+--------+-----+--------+

Top non-repeatable levels by time:
     D:6: 1598 daAuts
     D:8: 1351 daAuts
    D:10: 1337 daAuts
    D:11: 1317 daAuts
     D:9: 1019 daAuts
     D:5: 1012 daAuts
     D:4: 939 daAuts
 Ossuary: 864 daAuts
     D:7: 860 daAuts
     D:3: 711 daAuts
     D:1: 708 daAuts
     D:2: 664 daAuts
  Bailey: 412 daAuts
    D:12: 295 daAuts
    D:13: 96 daAuts
